 Dungeon Sprint DCSS version 0.29.1-2-gbd0b4ee654 (webtiles) character file.

Game seed: 6176068055054227058

0 boopmooplesden the Cudgeller (level 4, -2/47 HPs)
             Began as a Minotaur Berserker on Nov 27, 2022.
             Was a Believer of Trog.
             Killed from afar by a white imp (9 damage)
             ... with a puff of frost
             ... in the Dungeon (Sprint VI: "Thunderdome").
             The game lasted 00:00:29 (98 turns).

boopmooplesden the Cudgeller (Minotaur Berserker)     Turns: 98, Time: 00:00:29

Health: -2/47      AC:  2    Str: 24    XL:     4   Next: 19%
Magic:  3/3        EV: 12    Int:  4    God:    Trog [**....]
Gold:   200        SH:  0    Dex:  9    Spells: 3/3 levels left

rFire   . . .      SeeInvis .   a - +0 mace
rCold   . . .      Faith    .   (no shield)
rNeg    . . .      Spirit   .   b - +0 animal skin
rPois   .          Reflect  .   (helmet restricted)
rElec   .          Harm     .   (no cloak)
rCorr   .          Rampage  .   (no gloves)
Will    .....      NoTele   +   (no boots)
Stlth   +.........              (no amulet)
HPRegen 0.15/turn               (no ring)
MPRegen 0.08/turn               (no ring)

@: no status effects
A: horns 2, retaliatory headbutt
a: Renounce Religion, Berserk, Trog's Hand


You were in the Dungeon.
You worshipped Trog.
Trog was pleased with you.
You visited 1 branch You collected 200 gold pieces.

Inventory:

Hand Weapons
 a - a +0 mace (weapon)
Armour
 b - a +0 animal skin (worn)
Wands
 j - a wand of light (5)
 k - a wand of roots (5)
Scrolls
 h - 4 scrolls of blinking
 l - 3 scrolls of butterflies
Potions
 c - a potion of curing
 d - 3 potions of heal wounds
 e - 4 potions of haste
 f - 2 potions of magic
 g - a potion of berserk rage
 i - a potion of resistance


   Skills:
 + Level 7.1 Fighting
 + Level 7.2 Maces & Flails
 + Level 3.9 Armour
 + Level 3.7 Dodging


You had 3 spell levels left.
You didn't know any spells.
Your spell library was empty.

Dungeon Overview and Level Annotations

Branches:
Dungeon (1/1)

Altars:
Cheibriados
Dithmenos
Fedhas
Gozag
Kikubaaqudgha
Makhleb
Okawaru
Qazlal
Sif Muna
Trog
Uskayaw
Vehumet
Wu Jian
Yredelemnul
Zin
The Shining One
Lugonu

Shops:
D *[?**[(!!!!


Innate Abilities, Weirdness & Mutations

You have a pair of horns on your head.
You reflexively headbutt those who attack you in melee.


Message History

Your Fighting skill increases to level 7!
Your Maces & Flails skill increases to level 7!
There is a spawn point here.
You feel yourself speed up.
You start resting.
You recover from your berserk rage.
An ufetubus comes into view.
An ufetubus is nearby!
An ufetubus is nearby!
The ufetubus shouts!
A white imp comes into view.
The ufetubus hits you.
* * * LOW HITPOINT WARNING * * *
The ufetubus closely misses you.
The white imp shouts!
You sock the ufetubus!
You headbutt the ufetubus, but do no damage.
The ufetubus is almost dead.
The ufetubus hits you but does no damage.
The ufetubus barely misses you. The ufetubus hits you.
* * * LOW HITPOINT WARNING * * *
The ufetubus hits you.
* * * LOW HITPOINT WARNING * * *
The white imp sputters.
You hit the ufetubus.
You kill the ufetubus!
Trog accepts your kill. The white imp closely misses you.
The white imp hits you but does no damage.
You barely miss the white imp. You headbutt the white imp.
The white imp is heavily wounded.
The white imp hits you.
* * * LOW HITPOINT WARNING * * *
The white imp freezes you.
* * * LOW HITPOINT WARNING * * *
You hit the white imp.
The white imp is almost dead.
The white imp gestures at you. The puff of frost hits you!
You die...

#⌠..........# #...###.........
#⌠..........# #.<.# #.........
#⌠..........###...###.........
#.............###............
###∩........8.# #.8........∩#
##∩_._......###......___∩##
######.8.........8.######
#⌠...........⌠#
###..5@.....### #_......._#
#_......._# #_......._#
#∩.......∩# ##∩.....∩##
##.....## ##⌠⌠⌠##


You could see a white imp.

Vanquished Creatures
  A crimson imp (D)
  An iron imp (D)
  2 white imps (D)
  An ufetubus (D)
5 creatures vanquished.

Notes
Turn   | Place    | Note
-------+----------+-------------------------------------------
     0 | D        | boopmooplesden the Minotaur Berserker began the quest for
                  | the Orb.
     0 | D        | Reached XP level 1. HP: 19/19 MP: 0/0
     0 | D        | Found a corrupted altar of Lugonu.
     0 | D        | Found a bloodstained altar of Trog.
     3 | D        | Found a basalt altar of Yredelemnul.
     3 | D        | Found a shadowy altar of Dithmenos.
     4 | D        | Found an opulent altar of Gozag.
     4 | D        | Found a burning altar of Makhleb.
     5 | D        | Found a blossoming altar of Fedhas.
     5 | D        | Round 1.
     6 | D        | Found Hyng's Distillery.
     6 | D        | Found a radiant altar of Vehumet.
     6 | D        | Found a stormy altar of Qazlal.
     6 | D        | Found Lyny's Do-It-Yourself Clinic.
     7 | D        | Found Esecvu Odwoi's Distillery.
     7 | D        | Found Nawis's Bottled Wisdom.
    11 | D        | Found a glowing silver altar of Zin.
    12 | D        | Found an ancient bone altar of Kikubaaqudgha.
    13 | D        | Found an iron altar of Okawaru.
    14 | D        | Found Vyph's Weapon Rack.
    15 | D        | Found a shimmering blue altar of Sif Muna.
    15 | D        | Found an ornate altar of the Wu Jian Council.
    15 | D        | Found Maogorph's Premium Goods.
    15 | D        | Found Idereng's Basic Armour.
    15 | D        | Found Zaumex's Miscellaneous Merchandise.
    17 | D        | Noticed a crimson imp
    21 | D        | Found a glowing golden altar of the Shining One.
    25 | D        | Found Ceciosei's Identification Station.
    25 | D        | Found a snail-covered altar of Cheibriados.
    25 | D        | Found a hide-covered altar of Uskayaw.
    26 | D        | Found Axtaoxt's Advanced Armour.
    26 | D        | Found Xosu's Jewellery.
    30 | D        | Killed a crimson imp
    31 | D        | Reached skill level 5 in Fighting
    31 | D        | Reached skill level 5 in Maces & Flails
    31 | D        | Reached XP level 2. HP: 3/30 MP: 1/1
    31 | D        | Reached XP level 3. HP: 3/37 MP: 2/2
    46 | D        | Reached ** piety under Trog
    47 | D        | Reached XP level 4. HP: 10/45 MP: 3/3
    98 | D        | Killed from afar by a white imp

Illustrated notes

Levels and vault maps discovered:
D:        arena_sprint

Skill      XL: |  1  2  3  4 |
---------------+-------------+-----
Fighting       | 5 6 7 |  7.1
Maces & Flails | 5 6 7 |  7.2
Armour         | 3 |  3.9
Dodging        | 3 |  3.7

Action                   |  1- 3 |  4- 6 || total
-------------------------+-------+-------++-------
Melee: Mace              |    10 |     5 ||    15
       Headbutt          |     2 |     3 ||     5
Invok: Berserk           |     1 |       ||     1
  Use: Potion            |     1 |       ||     1
Armor: Animal skin       |       |     2 ||     2
Dodge: Dodged            |     7 |     3 ||    10
